 Dungeon Crawl Stone Soup version 0.31-a0-204-g7da18cac08 (webtiles) character file.

Game seed: 5819639487677148604

502 qw the Skirmisher (level 6, -11/35 HPs)
             Began as a Deep Elf Hunter on June 27, 2023.
             Mangled by an ogre
             ... wielding a +0 giant spiked club
              (27 damage)
             ... on level 4 of the Dungeon.
             The game lasted 00:01:13 (2612 turns).

qw the Skirmisher (Deep Elf Hunter)                 Turns: 2612, Time: 00:01:13

Health: -11/35     AC: 10    Str: 10    XL:     6   Next: 95%
Magic:  8/8        EV:  9    Int: 14    God:
Gold:   15         SH:  5    Dex: 18    Spells: 5/5 levels left

rFire   . . .        Y - +0 shortbow
rCold   . . .        (shield currently unavailable)
rNeg    . . .        b - +3 scale mail {rPois}
rPois   +            (no helmet)
rElec   .            j - +0 cloak
rCorr   .            (no gloves)
SInv    .            (no boots)
Will    .....        e - amulet of reflection
Stlth   +            (no ring)
HPRegen 0.25/turn    (no ring)
MPRegen 0.11/turn

%: reflection
@: no status effects
A: no striking features
a: no special abilities


You were on level 4 of the Dungeon.
You visited 1 branch of the dungeon, and saw 4 of its levels.

You collected 132 gold pieces.
You spent 117 gold pieces at shops.


   Skills:
 - Level 2.0 Fighting
 + Level 9.9 Ranged Weapons
 - Level 1.8 Armour
 - Level 3.4 Dodging
 - Level 1.2 Stealth


You had 5 spell levels left.
You didn't know any spells.
Your spell library was empty.

Inventory:

Hand Weapons
 Y - a +0 shortbow (weapon)
Armour
 b - a +3 scale mail of poison resistance (worn)
 j - a +0 cloak (worn)
Jewellery
 e - an amulet of reflection (around neck)
 k - a ring of fire
Scrolls
 a - a scroll of identify
 i - a scroll of poison {unknown}
 l - a scroll of blinking {unknown}
Potions
 c - a potion of enlightenment {unknown}
 d - a potion of lignification {unknown}
 f - a potion of cancellation
 g - a potion of degeneration {unknown}
 h - a potion of might {unknown}
 m - 5 potions of curing

Dungeon Overview and Level Annotations

Branches:
Dungeon (4/15)
 Temple: D:4-7

Altars:

Shops:
D:3 !   D:4 *

Annotations:
D:2 1 runed translucent door, Crazy Yiuf


Message History

There is an open door here.
You see here an iguana corpse.
You open the door.
There is an open door here.
You open the door.
Found a stone staircase leading down.
Enter note:
Enter note:
Enter note:
Enter note:
There is an open door here.
You open the door.
There is an open door here.
There is an open door here.
An ogre comes into view. It is wielding a +0 giant spiked club.
Enter note:
Enter note:
Enter note:
Enter note:
Enter note:
Enter note: You shoot an arrow.
The arrow hits the ogre.
The ogre is lightly wounded.
You shoot an arrow. The arrow hits the ogre.
The ogre is lightly wounded.
You shoot an arrow. The arrow hits the ogre.
The ogre is lightly wounded.
You shoot an arrow.
The arrow hits the ogre but does no damage.
The ogre is lightly wounded.
The ogre hits you with a +0 giant spiked club!!
Ouch! That really hurt!
You shoot an arrow. The arrow hits the ogre!
The ogre is heavily wounded.
The ogre barely misses you.
You shoot an arrow. The arrow hits the ogre.
The ogre is severely wounded.
The ogre hits you with a +0 giant spiked club!!
Ouch! That really hurt!
You die...

.....+ ####### .....#
#.....# .....## #
#.....# ....... #
#.....# ....... #
#.....# ##.......
######.....#####.O......
#....#........##@#
#....#.##...#.##.#
#....#.##...#.##.#
.....#.##...#.##.#
.....#.##<....##.#
#....#.##....###.######
........+....'.......>#
....##.##....###.####.#
##...#.##....###.#
#.#######


You could see an ogre.

Vanquished Creatures
  Duvessa (D:4)
  Dowan (D:4)
  A jelly (D:4)
  2 hounds (D:3)
  An orc priest (D:3)
  Jessica (D:3)
  Terence (D:3)
  An iguana (D:4)
  3 gnolls (D:2)
  5 adders
  3 worms
  8 orcs (D:3)
  5 endoplasms
  4 giant cockroaches
  4 goblins
  11 hobgoblins
  7 jackals
  A quokka (D:3)
  6 ball pythons
  4 bats
  A frilled lizard (D:2)
  8 kobolds
  6 rats
85 creatures vanquished.

Notes
Turn   | Place    | Note
-------+----------+-------------------------------------------
     0 | D:1      | qw the Deep Elf Hunter began the quest for the Orb.
     0 | D:1      | Reached XP level 1. HP: 12/12 MP: 3/3
     0 | D:1      | 0 ||| qw: Version: 0.3-a-22-g0ed2b0b
     0 | D:1      | 0 ||| qw: Game counter: 6581
     0 | D:1      | 0 ||| qw: Melee chars always use a shield: true
     0 | D:1      | 0 ||| qw: God list: Okawaru
     0 | D:1      | 0 ||| qw: Allow faded altars: false
     0 | D:1      | 0 ||| qw: Do Orc after clearing Dungeon:15 true
     0 | D:1      | 0 ||| qw: Do second Lair branch before Depths: true
     0 | D:1      | 0 ||| qw: Lair rune preference: random
     0 | D:1      | 0 ||| qw: Goals: Normal
     0 | D:1      | 0 ||| PLANNING D:1-11
   120 | D:1      | Reached XP level 2. HP: 16/16 MP: 4/4
   148 | D:1      | Reached skill level 6 in Ranged Weapons
   434 | D:1      | 434 ||| UPGRADING to +0 cloak.
   439 | D:1      | 439 ||| UPGRADING to amulet of the acrobat.
   444 | D:1      | 444 ||| DROPPING ring of flight.
   445 | D:1      | 445 ||| READING 2 scrolls labelled AFEZIXT QAEFI.
   446 | D:1      | 446 ||| READING scroll labelled ZUNLUF VEHIE.
   450 | D:1      | 450 ||| READING scroll labelled WITYDD WORPHIX.
   451 | D:1      | 451 ||| READING scroll labelled FIZXIVVYTE.
   452 | D:1      | 452 ||| READING scroll labelled ONEDIA UROEG.
   453 | D:1      | 453 ||| DROPPING scroll of butterflies.
   632 | D:2      | Reached XP level 3. HP: 18/20 MP: 5/5
   759 | D:2      | Found a faded altar of an unknown god.
   766 | D:2      | Reached skill level 7 in Ranged Weapons
   821 | D:2      | Reached XP level 4. HP: 25/25 MP: 6/6
  1026 | D:2      | Found a runed translucent door.
  1027 | D:2      | Noticed Crazy Yiuf
  1242 | D:2      | Reached skill level 8 in Ranged Weapons
  1344 | D:2      | 1344 ||| UPGRADING to amulet of reflection.
  1354 | D:2      | 1354 ||| DROPPING amulet of the acrobat.
  1355 | D:2      | 1355 ||| READING scroll labelled NORGHY VYBOBUU.
  1356 | D:2      | 1356 ||| DRINKING 2 cyan potions.
  1357 | D:2      | 1357 ||| READING 2 scrolls of identify.
  1357 | D:2      | 1357 ||| IDENTIFYING viscous orange potion
  1358 | D:2      | 1358 ||| DROPPING potion of brilliance.
  1401 | D:3      | Noticed Terence
  1421 | D:3      | Killed Terence
  1422 | D:3      | Reached XP level 5. HP: 20/29 MP: 7/7
  1543 | D:3      | Noticed Jessica
  1544 | D:3      | Killed Jessica
  1545 | D:3      | Reached skill level 9 in Ranged Weapons
  1633 | D:3      | Found Xixiliam's Distillery.
  1643 | D:3      | 1643 ||| BUYING 2 potions of curing (66 gold).
  1643 | D:3      | Bought 2 potions of curing for 66 gold pieces
  1643 | D:3      | 1643 ||| SHOPLISTING potion of cancellation (88 gold, have
                  | 42).
  1643 | D:3      | 1643 ||| BUYING potion of curing (33 gold).
  1643 | D:3      | Bought a potion of curing for 33 gold pieces
  1643 | D:3      | 1643 ||| SHOPLISTING potion of heal wounds (55 gold, have
                  | 9).
  1643 | D:3      | 1643 ||| SHOPLISTING potion of might (44 gold, have 9).
  1643 | D:3      | 1643 ||| SHOPLISTING potion of mutation (88 gold, have 9).
  1822 | D:3      | Reached skill level 3 in Dodging
  1898 | D:3      | Reached XP level 6. HP: 29/35 MP: 8/8
  2014 | D:3      | 2014 ||| UPGRADING to +3 scale mail of poison resistance.
  2024 | D:3      | 2024 ||| DROPPING +0 leather armour.
  2025 | D:3      | 2025 ||| READING 2 scrolls of identify.
  2025 | D:3      | 2025 ||| IDENTIFYING grey potion
  2087 | D:4      | Noticed Duvessa
  2087 | D:4      | Noticed Dowan
  2098 | D:4      | HP: 7/35 [Duvessa/+0 short sword (4)]
  2099 | D:4      | 2099 ||| DRINKING potion of heal wounds.
  2108 | D:4      | Killed Duvessa
  2109 | D:4      | Reached skill level 1 in Armour
  2121 | D:4      | Killed Dowan
  2360 | D:4      | Found Exydib's Assorted Antiques.
  2377 | D:4      | 2377 ||| SHOPLISTING ancient sling (117 gold, have 33).
  2377 | D:4      | 2377 ||| BUYING scroll labelled ATEHAID ZAGANK (18 gold).
  2377 | D:4      | Bought a scroll labelled ATEHAID ZAGANK for 18 gold pieces
  2377 | D:4      | 2377 ||| SHOPLISTING scroll labelled LYURODOPIE (18 gold,
                  | have 15).
  2377 | D:4      | 2377 ||| SHOPLISTING scroll of identify (36 gold, have 15).
  2612 | D:4      | Mangled by an ogre

Levels and vault maps discovered:
D:1:      dpeg_arrival_fog, layout_rooms
D:2:      minmay_skewed_foursquare, layout_loops_ring,
          shapermc_ecumenical_altar_acropolis, uniq_crazy_yiuf_cottage
D:3:      layout_rooms, serial_shops, shop, grunt_ministairs_10, st_stairs_7,
          uniq_terence, uniq_jessica
D:4:      layout_basic, serial_shops, nicolae_shop_peninsula, uniq_duvessa

Skill      XL: |  1  2  3  4  5  6 |
---------------+-------------------+-----
Ranged Weapons | 6 7 8 9 |  9.9
Dodging        | 3 |  3.4
Fighting       | 2 |  2.0
Armour         | 1 |  1.8
Stealth        | |  1.2

Action                     |  1- 3 |  4- 6 || total
---------------------------+-------+-------++-------
   Fire: Shortbow          |    98 |   205 ||   303
    Use: Scroll            |     5 |     3 ||     8
         Potion            |       |     2 ||     2
 Armour: Leather armour    |    11 |     7 ||    18
         Scale mail        |       |    14 ||    14
  Dodge: Dodged            |    32 |    59 ||    91
  Block: Other             |       |    16 ||    16

Table legend:
 A = Non-vault XP
 B = Vault XP
 C = Vault XP percentage of total XP
 D = Non-vault monster count
 E = Vault monster count
 F = Vault count percentage of total count
                 A         B        C        D         E       F
            +---------+---------+-------+---------+---------+-------
      Total |     394 |     324 |  45.1 |      75 |      10 |  11.8
            +---------+---------+-------+---------+---------+-------
        D:1 |      30 |       0 |   0.0 |      19 |       0 |   0.0
        D:2 |     124 |       8 |   6.1 |      25 |       3 |  10.7
        D:3 |     131 |     117 |  47.2 |      22 |       5 |  18.5
        D:4 |     109 |     199 |  64.6 |       9 |       2 |  18.2
            +---------+---------+-------+---------+---------+-------
